 Dungeon Crawl Stone Soup version 0.29-a0-341-g24ffce5b50 (webtiles) character file.

Game seed: 10057805040904044906

121 brightshaft the Skirmisher (level 5, -5/47 HPs)
             Began as a Gnoll Wanderer on Apr 20, 2022.
             Killed from afar by a steam dragon (12 damage)
             ... with a ball of steam
             ... on level 6 of the Dungeon.
             The game lasted 00:04:10 (2181 turns).

brightshaft the Skirmisher (Gnoll Wanderer)         Turns: 2181, Time: 00:04:10

Health: -5/47      AC:  6    Str: 13    XL:     5   Next: 5%
Magic:  7/7        EV: 10    Int:  8    God:
Gold:   106        SH:  0    Dex: 15    Spells: 6/6 levels left

rFire   . . .      SeeInvis .   a - +3 hand axe
rCold   . . .      Faith    .   (no shield)
rNeg    . . .      Spirit   .   o - +0 ring mail
rPois   .          Reflect  .   (no helmet)
rElec   .          Harm     .   (no cloak)
rCorr   .          Rampage  .   (no gloves)
Will    .....                   (no boots)
Stlth   +.........              (no amulet)
HPRegen 0.15/turn               (no ring)
MPRegen 0.10/turn               (no ring)

@: no status effects
A: fangs 1, strong nose, distributed training
a: no special abilities


You were on level 6 of the Dungeon.
You visited 1 branch of the dungeon, and saw 4 of its levels.

You collected 106 gold pieces.

Inventory:

Hand Weapons
 a - a +3 hand axe (weapon)
Missiles
 f - 6 javelins (quivered)
Armour
 c - a +0 leather armour
 o - a +0 ring mail (worn)
Scrolls
 b - 2 scrolls of fog
 g - 2 scrolls of identify {unknown}
 h - 2 scrolls of immolation {unknown}
 i - 2 scrolls of teleportation {unknown}
 l - a scroll of silence {unknown}
 n - a scroll of blinking {unknown}
Potions
 d - a potion of flight {unknown}
 e - a potion of lignification {unknown}
 j - a potion of brilliance {unknown}
 k - 3 potions of mutation {unknown}
 m - a potion of ambrosia {unknown}
 p - a potion of haste {unknown}


   Skills:
 + Level 6.6 Fighting
 + Level 1.3 Short Blades
 + Level 1.3 Long Blades
 + Level 4.7 Axes
 + Level 1.3 Maces & Flails
 + Level 1.3 Polearms
 + Level 1.3 Staves
 + Level 1.3 Slings
 + Level 1.3 Bows
 + Level 1.3 Crossbows
 + Level 1.3 Throwing
 + Level 4.7 Armour
 + Level 1.3 Dodging
 + Level 1.3 Stealth
 + Level 1.3 Shields
 + Level 4.7 Unarmed Combat
 + Level 1.3 Spellcasting
 + Level 1.1 Conjurations
 + Level 1.1 Hexes
 + Level 1.1 Summonings
 + Level 1.1 Necromancy
 + Level 1.1 Translocations
 + Level 1.1 Transmutations
 + Level 1.1 Fire Magic
 + Level 1.1 Ice Magic
 + Level 1.1 Air Magic
 + Level 1.1 Earth Magic
 + Level 1.1 Poison Magic
 + Level 1.5 Invocations
 + Level 2.9 Evocations


You had 6 spell levels left.
You didn't know any spells.
Your spell library was empty.

Dungeon Overview and Level Annotations

Branches:
Dungeon (3/15)

Altars:


Innate Abilities, Weirdness & Mutations

You have very sharp teeth.
Your uncanny sense of smell can sniff out nearby items.
Your experience applies equally to all skills.


Message History

Really walk into that cloud of steam? [Y]es or [N]o only, please.
Really walk into that cloud of steam? [Y]es or [N]o only, please.
Really walk into that cloud of steam?
Okay, then.
You hit the steam dragon but do no damage.
The steam dragon bites you!
* * * LOW HITPOINT WARNING * * *
The steam dragon barely misses you.
You hit the steam dragon but do no damage.
The steam dragon bites you but does no damage.
The steam dragon claws you.
* * * LOW HITPOINT WARNING * * *
Throw: 9 javelins
Press: ? - help, Q - select action Shift-Dir - straight line, f - steam dragon
Aim: a steam dragon (62% to hit)
You throw a javelin.
The javelin pierces through the steam dragon but does no damage.
The steam dragon bites you.
* * * LOW HITPOINT WARNING * * *
The steam dragon misses you.
Throw: 8 javelins
Press: ? - help, Q - select action Shift-Dir - straight line, f/p - steam dragon
Aim: a steam dragon (62% to hit)
You throw a javelin.
The javelin closely misses the steam dragon.
The steam dragon misses you.
The steam dragon claws you but does no damage.
The steam dragon bites you but does no damage.
The steam dragon claws you.
* * * LOW HITPOINT WARNING * * *
Throw: 7 javelins
Press: ? - help, Q - select action Shift-Dir - straight line, f/p - steam dragon
Aim: a steam dragon (62% to hit)
You throw a javelin.
The javelin barely misses the steam dragon.
The steam dragon breathes steam at you. The ball of steam hits you!
You die...

#.# #.# ####...#.#
#.#.#.#.## #.#
#.####........###.#.#.#.#
#.#
#.))...###........#.#.#.#
#)# #.####.#
#....#####.#....
#.#####)# #.###.####
#.###.# #..)....# #.....#
#.# #.# ####.####
#####'## ... #†.# ##.).##
#.# ##.# #.@...# #..
#..D....# #)..
#.........# .....
+.........+ #.....
#.........#
#..###.##..<....## #.##
.###.....## ##(..##


You could see a steam dragon (catching breath).

Vanquished Creatures
  A hound (D:6)
  3 adders (D:2)
  A worm (D:2)
  3 dart slugs (D:1)
  6 orcs (D:6)
  4 ball pythons
  2 giant cockroaches (D:1)
  5 goblins (D:1)
  5 hobgoblins
  3 jackals (D:1)
  A quokka (D:1)
  2 bats
  4 frilled lizards
  A kobold (D:1)
  5 rats
46 creatures vanquished.

Vanquished Creatures (others)
  An orc (D:6)
1 creature vanquished.

Grand Total: 47 creatures vanquished

Notes
Turn   | Place    | Note
-------+----------+-------------------------------------------
     0 | D:1      | brightshaft the Gnoll Wanderer began the quest for the Orb.
     0 | D:1      | brightshaft set off with the following items: a +3 hand
                  | axe, 2 scrolls of fog, a +0 leather armour
     0 | D:1      | Reached XP level 1. HP: 23/23 MP: 1/1
    87 | D:1      | Reached XP level 2. HP: 5/29 MP: 2/2
   546 | D:1      | Reached XP level 3. HP: 25/35 MP: 3/3
  1259 | D:2      | Reached skill level 1 in Invocations
  1274 | D:2      | Found a faded altar of an unknown god.
  1378 | D:2      | Reached skill level 1 in Short Blades
  1378 | D:2      | Reached skill level 1 in Long Blades
  1378 | D:2      | Reached skill level 1 in Maces & Flails
  1378 | D:2      | Reached skill level 1 in Polearms
  1378 | D:2      | Reached skill level 1 in Staves
  1378 | D:2      | Reached skill level 1 in Slings
  1378 | D:2      | Reached skill level 1 in Bows
  1378 | D:2      | Reached skill level 1 in Crossbows
  1378 | D:2      | Reached skill level 1 in Throwing
  1378 | D:2      | Reached skill level 1 in Dodging
  1378 | D:2      | Reached skill level 1 in Stealth
  1378 | D:2      | Reached skill level 1 in Shields
  1378 | D:2      | Reached skill level 1 in Spellcasting
  1378 | D:2      | Reached XP level 4. HP: 41/41 MP: 5/5
  2010 | D:3      | You fall into a shaft and drop 3 floors!
  2056 | D:6      | Reached skill level 1 in Conjurations
  2056 | D:6      | Reached skill level 1 in Hexes
  2056 | D:6      | Reached skill level 1 in Summonings
  2056 | D:6      | Reached skill level 1 in Necromancy
  2056 | D:6      | Reached skill level 1 in Translocations
  2056 | D:6      | Reached skill level 1 in Transmutations
  2056 | D:6      | Reached skill level 1 in Fire Magic
  2056 | D:6      | Reached skill level 1 in Ice Magic
  2056 | D:6      | Reached skill level 1 in Air Magic
  2056 | D:6      | Reached skill level 1 in Earth Magic
  2056 | D:6      | Reached skill level 1 in Poison Magic
  2118 | D:6      | Reached XP level 5. HP: 43/47 MP: 6/6
  2168 | D:6      | Noticed a steam dragon
  2181 | D:6      | Killed from afar by a steam dragon

Illustrated notes

Levels and vault maps discovered:
D:1:      minmay_arrival_stone_box, layout_loops_ring, chequers_garden
D:2:      cheibrodos_old_hovel, layout_basic, basic_ecumenical_altar
D:3:      layout_rooms, serial_shops, shop, gammafunk_ghost_arena
D:6:      layout_loops_corners, mainiacjoe_overflow_brackets, serial_shops,
          shop, chequers_serial_rivers_large_a, nicolae_shop_self_help,
          uniq_duvessa, uniq_blork_the_orc, uniq_sigmund

Skill      XL: |  1  2  3  4 |
---------------+-------------+-----
Invocations    | 1 |  1.5
Short Blades   | 1 |  1.3
Long Blades    | 1 |  1.3
Maces & Flails | 1 |  1.3
Polearms       | 1 |  1.3
Staves         | 1 |  1.3
Slings         | 1 |  1.3
Bows           | 1 |  1.3
Crossbows      | 1 |  1.3
Throwing       | 1 |  1.3
Dodging        | 1 |  1.3
Stealth        | 1 |  1.3
Shields        | 1 |  1.3
Spellcasting   | 1 |  1.3
Conjurations   | 1 |  1.1
Hexes          | 1 |  1.1
Summonings     | 1 |  1.1
Necromancy     | 1 |  1.1
Translocations | 1 |  1.1
Transmutations | 1 |  1.1
Fire Magic     | 1 |  1.1
Ice Magic      | 1 |  1.1
Air Magic      | 1 |  1.1
Earth Magic    | 1 |  1.1
Poison Magic   | 1 |  1.1
Fighting       | |  6.6
Axes           | |  4.7
Armour         | |  4.7
Unarmed Combat | |  4.7
Evocations     | |  2.9

Action                   |  1- 3 |  4- 6 || total
-------------------------+-------+-------++-------
Melee: Hand axe          |    88 |    56 ||   144
       Bite              |     6 |     8 ||    14
       Punch             |     3 |     2 ||     5
Throw: Javelin           |     2 |     3 ||     5
 Stab: Sleeping          |     1 |       ||     1
Armor: Leather armour    |    20 |       ||    20
       Ring mail         |       |    25 ||    25
Dodge: Dodged            |    46 |    35 ||    81

Table legend: (Time is in decaauts)
 A = Elapsed time spent in this place.
 B = Non-inter-level travel time spent in this place.
 C = Inter-level travel time spent in this place.
 D = Time resting spent in this place.
 E = Time spent auto-exploring this place.
 F = Levels seen in this place.
 G = Mean time per level.
                   A        B        C        D        E       F      G
               +--------+--------+--------+--------+--------+-----+--------+
         Total |   2193 |   2130 |     63 |      0 |   1782 |   4 |  548.2 |
       Dungeon |   2193 |   2130 |     63 |      0 |   1782 |   4 |  548.2 |
               +--------+--------+--------+--------+--------+-----+--------+

Top non-repeatable levels by time:
     D:1: 1226 daAuts
     D:2: 792 daAuts
     D:6: 173 daAuts
